AoeStats
← Hope_x

Arena

504123080Analyzed
4v4 RM · 1mo ago on Sep 4, 2026· 41m 34s· 8 players
Game mode
Random Map
Map size
Large (8 player)
Population
200
Speed
Normal
Resources
Standard
Victory
Conquest
Starting age
Dark Age
Ending age
Imperial Age
RankedLock teamsTeams togetherTeam positionsShared explorationLock speedFull tech treeHidden civsTurbo modeCheats
Victory
Defeat
🇨🇳 Magyars · China
1123
+14
🇨🇴 Spanish · Colombia
1114
+15
🇨🇳 Bengalis · China
1098
+15
🇵🇪 Burgundians · Peru
1064
+18
🇹🇷 Byzantines · Türkiye
1130
-17
🇹🇷 Turks · Türkiye
1092
-16
🇷🇺 Poles · Russia
1068
-15
🇷🇺 Khmer · Russia
1052
-14
Vtinglove
13:05 Feudal Age
15:07 Double-Bit Axe
15:02 Horse Collar
17:41 Castle Age
18:45 Bow Saw
18:36 Heavy Plow
23:45 Loom
23:46 Town Watch
24:14 Gold Mining
24:15 Stone Mining
26:47 Wheelbarrow
26:56 Gold Shaft Mining
28:26 Hand Cart
28:21 Scale Barding Armor
28:26 Forging
32:00 Imperial Age
30:34 Chain Barding Armor
30:49 Iron Casting
31:02 Bloodlines
30:52 Husbandry
32:03 Elite Battle Elephant
33:08 Paiks
33:24 Conscription
34:22 Plate Barding Armor
34:47 Blast Furnace
34:56 Mahayana
CyMi
9:52 Feudal Age
11:43 Loom
14:24 Castle Age
13:33 Double-Bit Axe
13:38 Horse Collar
14:53 Wheelbarrow
15:03 Wheelbarrow
18:10 Forging
18:55 Fletching
24:52 Bloodlines
25:09 Town Watch
25:34 Heavy Plow
25:54 Bow Saw
26:37 Hand Cart
30:21 Husbandry
32:59 Imperial Age
30:53 Scale Barding Armor
32:06 Ballistics
31:57 Masonry
31:42 Murder Holes
31:11 Light Cavalry
32:03 Padded Archer Armor
33:19 Leather Archer Armor
33:25 Chain Barding Armor
33:41 Iron Casting
33:27 Elite Conquistador
34:27 Gold Mining
34:33 Stone Mining
35:22 Conscription
35:02 Cavalier
37:08 Ring Archer Armor
37:14 Plate Barding Armor
37:46 Town Patrol
39:25 Iron Casting
38:55 Paladin
39:29 Fletching
40:57 Stone Shaft Mining
41:25 Two-Man Saw
42:23 Hoardings
Dylan-23
7:47 Loom
9:58 Feudal Age
9:29 Double-Bit Axe
9:25 Horse Collar
10:26 Wheelbarrow
17:29 Castle Age
15:33 Heavy Plow
15:45 Bow Saw
15:32 Gold Mining
17:50 Gold Shaft Mining
20:54 Fervor
25:17 Hand Cart
25:59 Forging
25:54 Scale Barding Armor
26:58 Two-Man Saw
26:54 Husbandry
26:17 Cavalier
27:59 Iron Casting
27:35 Town Watch
29:12 Chain Barding Armor
28:57 Stone Mining
30:03 Crop Rotation
33:19 Imperial Age
31:46 Stone Shaft Mining
33:25 Paladin
36:09 Blast Furnace
35:45 Plate Barding Armor
36:35 Chemistry
35:41 Fletching
35:51 Padded Archer Armor
36:18 Ballistics
37:30 Burgundian Vineyards
37:51 Murder Holes
38:07 Masonry
39:08 Bodkin Arrow
非洲人林某
11:17 Feudal Age
13:28 Double-Bit Axe
13:42 Horse Collar
16:12 Castle Age
19:16 Bow Saw
21:13 Wheelbarrow
23:38 Scale Barding Armor
26:03 Husbandry
26:15 Bloodlines
27:07 Chain Barding Armor
31:58 Imperial Age
31:08 Gold Mining
31:08 Stone Mining
31:38 Heavy Plow
33:04 Conscription
32:48 Corvinian Army
32:50 Loom
34:07 Gold Shaft Mining
34:40 Two-Man Saw
34:31 Plate Barding Armor
34:24 Elite Magyar Huszar
38:43 Parthian Tactics
38:23 Thumb Ring
41:17 Fletching
41:28 Padded Archer Armor
Pocket_Rocket
12:53 Feudal Age
18:11 Castle Age
17:05 Double-Bit Axe
17:02 Horse Collar
17:17 Gold Mining
19:19 Heavy Plow
19:45 Bloodlines
19:36 Husbandry
23:18 Wheelbarrow
23:47 Loom
25:20 Scale Barding Armor
28:31 Chain Barding Armor
28:52 Forging
31:37 Town Watch
32:09 Hand Cart
32:07 Bow Saw
35:13 Imperial Age
34:00 Iron Casting
33:27 Light Cavalry
36:17 Lechitic Legacy
36:18 Conscription
35:31 Winged Hussar
35:52 Pikeman
38:53 Blast Furnace
39:12 Scale Mail Armor
[ C* ] XF17K
1:11 Loom
1:45 Loom
10:47 Feudal Age
11:18 Horse Collar
11:28 Double-Bit Axe
14:49 Town Watch
19:46 Castle Age
20:30 Heavy Plow
20:24 Gold Mining
23:52 Stone Mining
26:52 Imperial Age
29:21 Fortified Wall
31:29 Masonry
36:51 Architecture
37:11 Artillery
37:50 Murder Holes
38:19 Treadmill Crane
Hope_x
9:58 Feudal Age
10:32 Double-Bit Axe
10:30 Horse Collar
19:23 Castle Age
17:51 Loom
18:42 Wheelbarrow
18:17 Stone Mining
22:07 Hand Cart
27:02 Imperial Age
24:57 Heavy Plow
25:05 Gold Mining
26:30 Bow Saw
28:32 Conscription
28:20 Scale Mail Armor
28:02 Pikeman
29:34 Squires
32:09 Two-Man Saw
31:51 Scale Barding Armor
33:03 Crop Rotation
33:08 Chain Barding Armor
34:27 Gold Shaft Mining
33:22 Halberdier
34:36 Forging
34:42 Chain Mail Armor
36:37 Iron Casting
36:40 Plate Barding Armor
39:15 Plate Mail Armor
El_Roger!
11:48 Feudal Age
16:11 Castle Age
14:38 Double-Bit Axe
16:33 Stone Mining
18:45 Wheelbarrow
25:22 Gold Mining
25:23 Loom
25:27 Town Watch
26:11 Caravan
35:16 Bow Saw
35:44 Fortified Wall
37:46 Gold Shaft Mining
41:23 Imperial Age
39:16 Hand Cart
Connection lost

Rejoining the realm…

Still unreachable

The connection could not be restored.

Session expired

The server has moved on; the page needs a fresh start.